 Dungeon Crawl Stone Soup version 0.20-a0-1015-g2ec8a95 (webtiles) character file.

7605 4thArraOfDagon the Covert (level 10, -6/106 HPs)
             Began as a Vampire Monk on Apr 15, 2017.
             Was a High Priest of Cheibriados (penitent).
             Mangled by a minotaur
             ... wielding the +5 short sword of Power {drain, rF+ MR+ Dex-3}
              (10 damage)
             ... in a labyrinth.
             The game lasted 00:23:52 (4274 turns).

4thArraOfDagon the Covert (Vampire Monk)            Turns: 4274, Time: 00:23:53

Health: -6/106     AC:  8    Str: 15    XL:     10   Next: 98%
Magic:  12/14      EV: 21    Int: 15    God:    Cheibriados [*]
Gold:   169        SH:  0    Dex: 22    Spells: 7/9 levels left

rFire    . . .     SeeInvis +     - Unarmed
rCold    . . .     Gourm    .   (no shield)
rNeg     . . .     Faith    +   B - +2 robe {MR+}
rPois    .         Spirit   .   D - +0 hat {MR+}
rElec    .         Reflect  .   (no cloak)
rCorr    .         Harm     .   y - +0 pair of gloves
MR       +++..                  (no boots)
Stlth    ..........             t - amulet of faith
Regen    0.5/turn               d - +3 ring of protection
MPRegen  0.2/turn               r - +4 ring of dexterity

@: berserking (expiring), regenerating quickly, very slow
A: fangs 3, see invisible, unbreathing
a: Renounce Religion


You were in a labyrinth.
You worshipped Cheibriados.
Cheibriados was demanding penance.
You were very full.

You visited 1 branch of the dungeon, and saw 11 of its levels.
You also visited: Labyrinth and Sewer.

You collected 196 gold pieces.
You spent 27 gold pieces at shops.

Inventory:

Hand Weapons
 s - the +8 long sword of the Badger {drain, MR+ Str+6, unknown}
   (You found it on level 8 of the Dungeon)

   A truly terrible weapon, it drains the life of those it strikes.
   It affects your strength (+6).
   It affects your resistance to hostile enchantments.
Armour
 k - a +0 large shield
 y - a +0 pair of gloves (worn)
 B - a +2 robe of magic resistance (worn)
 D - a +0 hat of magic resistance (worn)
Jewellery
 d - a +3 ring of protection (left hand)
 r - a +4 ring of dexterity (right hand)
 t - an amulet of faith (around neck)
Wands
 a - a wand of flame (31/48)
 l - a wand of polymorph (14/24)
 u - a wand of flame (2/48)
 x - a wand of confusion (12/48)
 F - a wand of iceblast (5/15)
Scrolls
 c - 4 scrolls of magic mapping
 g - 7 scrolls of recharging
 n - a scroll of blinking
 q - a scroll of fog
 w - a scroll of teleportation
 C - a scroll of immolation
Potions
 e - 2 potions of curing
 f - a potion of might
 h - 2 potions of haste {unknown}
 i - 3 potions of magic
 j - 3 potions of flight
 m - 5 potions of ambrosia {unknown}
 o - 6 potions of heal wounds {unknown}
 p - 3 potions of blood
 v - a potion of cancellation {unknown}
 z - 2 potions of brilliance
 G - 2 potions of mutation
Miscellaneous
 E - a crystal ball of energy


   Skills:
 + Level 3.7 Fighting
 + Level 9.4 Dodging
 + Level 12.2 Stealth
 * Level 12.1 Unarmed Combat
 + Level 6.2 Invocations


You had 7 spell levels left.
You knew the following spells:

 Your Spells              Type           Power        Failure   Level  Hunger
a - Blink                 Tloc           N/A          38%         2    ###....


Dungeon Overview and Level Annotations

Branches:
Dungeon (11/15)            Temple (0/1) D:7             Orc (0/2) D:11
   Lair: D:8-11

Altars:
Cheibriados
Dithmenos
Kikubaaqudgha
Qazlal

Shops:
D:4 *   D:5 =   D:8 [

Portals:
Trove: D:10 (give +6 demon whip)

Annotations:
D:9 mkm's ghost, journeyman MiBe


Innate Abilities, Weirdness & Mutations

Your natural rate of healing is unusually fast.
You have razor-sharp teeth.
You have supernaturally acute eyesight. (SInv)
You can survive without breathing.


Message History

The minotaur hits you but does no damage.
The minotaur gores you.
* * * LOW HITPOINT WARNING * * *
Unknown command.
The minotaur blocks your attack.
The minotaur is severely wounded.
The minotaur closely misses you. The minotaur completely misses you.
Unknown command.
You barely miss the minotaur.
The minotaur furiously retaliates!
The minotaur headbutts you.
* * * LOW HITPOINT WARNING * * *
You bite the minotaur.
The minotaur is severely wounded.
Unknown command.
The minotaur blocks your attack.
The minotaur is severely wounded.
The minotaur hits you with a crude short sword {drain}.
* * * LOW HITPOINT WARNING * * *
The minotaur gores you!
You die...

# .# ## ###.# # .. #
.. .#
#.#######.#####.###
.#...#...... ....#
####... ..... ..# ##.
#.....#########.......
# # #@# #.### #.
#...H...... #.. #
#...#8.8:8[ #.#.#
#...####### # #.#..
........# # ..#..
...#...# .##### ###
.##### # #. # #.# # ##
#######.## # . .


You could see a minotaur.

Vanquished Creatures
  A deep elf mage (D:10)
  2 hippogriffs (D:8)
  A blink frog (D:8)
  A shadow (D:11)
  6 yaks (D:9)
  4 hungry ghosts (Lab)
  The ghost of pedritolo the Sneak, an amateur VSMo (Sewer)
  An orc warrior (D:8)
  An ice beast (D:7)
  2 sky beasts
  4 necrophages
  3 ogres
  A phantom (D:8)
  8 centaurs
  A big kobold (D:10)
  8 bullfrogs
  A wyvern zombie (D:7)
  A gnoll sergeant (D:8)
  A scorpion (D:6)
  7 wights (D:10)
  5 killer bees (D:7)
  A howler monkey (D:10)
  3 crimson imps
  A quasit (D:9)
  2 centaur zombies
  6 hounds
  2 bullfrog skeletons
  An orc priest (D:5)
  2 centaur skeletons
  2 jellies
  Ijyb (D:3)
  Natasha (thrice) (D:4)
  2 iguanas (D:7)
  3 orc wizards
  4 worker ants
  A killer bee zombie (D:5)
  A hound skeleton (D:8)
  2 howler monkey zombies (D:7)
  A worker ant zombie (D:10)
  Robin (D:2)
  A howler monkey skeleton (D:9)
  16 adders
  6 gnolls
  7 river rats
  2 shadow imps (D:6)
  2 oozes (Sewer)
  An adder skeleton (D:5)
  2 adder zombies
  A worm (D:5)
  A dart slug (D:1)
  4 leopard geckos
  18 orcs
  12 ball pythons
  8 giant cockroaches
  13 goblins
  12 hobgoblins
  A jackal (D:1)
  9 quokkas
  2 ball python skeletons (D:4)
  2 bats (D:2)
  3 frilled lizards
  7 kobolds
  26 rats
255 creatures vanquished.

Vanquished Creatures (others)
  5 toadstools (D:1)
5 creatures vanquished.

Grand Total: 260 creatures vanquished

Notes
Turn   | Place    | Note
-------+----------+-------------------------------------------
     0 | D:1      | 4thArraOfDagon the Vampire Monk began the quest for the Orb.
     0 | D:1      | Reached XP level 1. HP: 18/18 MP: 1/1
    45 | D:1      | Reached skill level 1 in Unarmed Combat
   130 | D:1      | Reached XP level 2. HP: 18/24 MP: 2/2
   274 | D:2      | Reached XP level 3. HP: 29/29 MP: 3/3
   381 | D:3      | Noticed Ijyb
   416 | D:3      | Killed Ijyb
   482 | D:3      | Found a faded altar of an unknown god.
   558 | D:3      | Reached XP level 4. HP: 15/36 MP: 4/4
   566 | D:3      | Learned a level 2 spell: Blink
   613 | D:3      | You fall through a shaft for 2 floors!
   613 | D:5      | Entered Level 5 of the Dungeon
   659 | D:5      | Found a shadowy altar of Dithmenos.
   659 | D:5      | Found a snail-covered altar of Cheibriados.
   662 | D:5      | Found a stormy altar of Qazlal.
   667 | D:5      | Became a worshipper of Cheibriados the Contemplative
   667 | D:5      | Reached * piety under Cheibriados
   667 | D:5      | Reached ** piety under Cheibriados
   751 | D:5      | Noticed a centaur
   767 | D:5      | Killed a centaur
   767 | D:5      | Reached skill level 5 in Unarmed Combat
   767 | D:5      | Reached XP level 5. HP: 24/41 MP: 5/5
   896 | D:5      | Reached skill level 5 in Dodging
   905 | D:5      | Found Gohahuil's Jewellery Boutique.
   990 | D:5      | Reached XP level 6. HP: 39/47 MP: 6/6
  1056 | D:5      | Reached skill level 1 in Invocations
  1097 | D:5      | Found a glowing drain.
  1105 | Sewer    | Entered a sewer
  1206 | Sewer    | Reached *** piety under Cheibriados
  1355 | Sewer    | Noticed pedritolo's ghost (amateur VSMo)
  1381 | Sewer    | Gained mutation: You tend to lose your temper in combat. [potion of mutation]
  1381 | Sewer    | Gained mutation: Your mind is acute. (Int +2) [potion of mutation]
  1381 | Sewer    | Gained mutation: You are partially covered in large bone plates. (SH +4) [potion of mutation]
  1394 | Sewer    | Killed pedritolo's ghost
  1394 | Sewer    | Reached XP level 7. HP: 37/52 MP: 4/8
  1423 | Sewer    | Reached **** piety under Cheibriados
  1582 | D:4      | Noticed Natasha
  1596 | D:4      | Killed Natasha
  1598 | D:4      | Noticed Natasha
  1604 | D:4      | Killed Natasha
  1610 | D:4      | Noticed Natasha
  1620 | D:4      | Killed Natasha
  1833 | D:2      | Noticed Robin
  1867 | D:2      | Killed Robin
  1874 | D:2      | Reached ***** piety under Cheibriados
  1943 | D:4      | Reached XP level 8. HP: 59/59 MP: 9/9
  2002 | D:4      | Lost mutation: You are partially covered in large bone plates. (SH +4) [potion of mutation]
  2002 | D:4      | Lost mutation: You tend to lose your temper in combat. [potion of mutation]
  2002 | D:4      | Lost mutation: Your mind is acute. (Int +2) [potion of mutation]
  2228 | D:4      | Found a stormy altar of Qazlal.
  2239 | D:4      | Found Puatt's Assorted Antiques.
  2247 | D:4      | Bought a scroll labeled ROPNEVV VERGHI for 27 gold pieces
  2674 | D:7      | Reached XP level 9. HP: 49/64 MP: 5/11
  2827 | D:7      | Reached skill level 10 in Stealth
  2916 | D:8      | Found Ycu Wauwass's Specialty Armours.
  2959 | D:8      | Reached skill level 10 in Unarmed Combat
  2977 | D:8      | Got a translucent long sword
  3033 | D:8      | Noticed Psyche
  3042 | D:8      | Noticed Psyche
  3042 | D:8      | Psyche changed into Psyche the blink frog
  3046 | D:8      | Killed Psyche the blink frog
  3071 | D:8      | Found an ancient bone altar of Kikubaaqudgha.
  3181 | D:8      | Reached skill level 5 in Invocations
  3210 | D:9      | Noticed mkm's ghost (journeyman MiBe)
  3210 | D:9      | Reached XP level 10. HP: 70/70 MP: 13/13
  3402 | D:10     | Entered Level 10 of the Dungeon
  3445 | D:10     | Noticed a deep elf mage
  3617 | D:10     | Killed a deep elf mage
  3724 | D:10     | Found a portal to a secret trove of treasure.
  3910 | D:11     | Found a labyrinth entrance.
  3919 | Lab      | Entered a labyrinth
  4262 | Lab      | Noticed a minotaur
  4264 | Lab      | Was placed under penance by Cheibriados
  4274 | Lab      | HP: 4/106 [minotaur/crude short sword {drain} (5)]
  4274 | Lab      | Identified the +5 short sword of Power {drain, rF+ MR+ Dex-3}
  4274 | Lab      | Mangled by a minotaur

Vault maps used:
D:1:      ldierk_walled_garden, minmay_octomino_j4
D:2:      uniq_robin
D:3:      chequers_ecumenical_altar_grove, uniq_iyjb
D:4:      serial_shops, shop, grunt_qazlal_clouds, uniq_natasha
D:5:      minitemple, serial_shops, shop_fountains, portal_sewer_entry_e,
          first_bread
D:7:      minmay_temple_entry_statues_pillars, minmay_misc_feat_plants,
          kennysheep_generic_room_15
D:8:      corexii_shack_village, kiku_gazebo_pond_becter, special_room,
          nicolae_barding_shop, uniq_psyche
D:9:      minmay_overflow_temple_star_hex, hangedman_pestilent_swarm
D:10:     enter_trove_0
D:11:     evilmike_library_of_no_secrets, hiddenorc2_lemuel, lab_entry_generic
Lab:      nicolae_lab_dead_adventurers, labyrinth_skeletal_remains,
          nicolae_lab_blocks, nicolae_lab_stuck, nicolae_lab_big_swirl
Sewer:    sewer_minmay_w

Skill      XL: |  1  2  3  4  5  6  7  8  9 10 |
---------------+-------------------------------+-----
Unarmed Combat | 1 2 4 5 6 7 9 10 12 | 12.1
Dodging        | 5 6 7 8 9 |  9.4
Stealth        | 6 7 9 10 12 | 12.2
Invocations    | 1 2 3 5 6 |  6.2
Fighting       | |  3.7

Action                   |  1- 3 |  4- 6 |  7- 9 | 10-12 || total
-------------------------+-------+-------+-------+-------++-------
Melee: Unarmed           |   128 |   204 |   284 |   149 ||   765
       Bite              |     9 |    15 |    55 |    35 ||   114
       Punch             |     1 |     8 |    18 |    15 ||    42
Invok: Bend Time         |       |     1 |       |     1 ||     2
       Slouch            |       |       |     4 |     4 ||     8
       Temporal Distorti |       |       |     1 |       ||     1
Evoke: Wand              |       |     3 |     9 |     5 ||    17
  Use: Potion            |     1 |     7 |     2 |     3 ||    13
       Scroll            |       |     6 |     7 |     5 ||    18
 Stab: Sleeping          |     7 |       |    18 |     9 ||    34
       Distracted        |     1 |     1 |       |     2 ||     4
       Confused          |       |     2 |       |     1 ||     3
  Eat: Corpse            |     7 |     2 |     6 |     1 ||    16
Armor: Robe              |    38 |    41 |    22 |     3 ||   104
       Skin              |     4 |     6 |       |       ||    10
       Scale mail        |       |       |    20 |    21 ||    41
Dodge: Dodged            |   118 |   194 |   253 |   123 ||   688
Block: Other             |       |       |    24 |       ||    24
